Unix NetHack Version 5.0.0-0 post-release - last build May 17 2026 04:57:42 (dc50c8380fa5e20985bfe3072449f57b8d9895ef,branch:main).

Game began 2026-05-21 16:53:41, ended 2026-05-21 18:51:21.

BeardyHaddock, neutral male gnomish Archeologist

                        ----    -----
                ----   --..------...|                         -----
                |..| --|....||...-..|       --   ----       --....-
             ----..---.--..- |......------- .--- |..--   ---...... --
            --.............|--.................| -...|   -.......- .|
     ------ |....)...|...---|..----.-....---...|  ...--  ...........|
    --.--.---.......---..|  |.--  |............|--....    ..........|
    |............).-- ----  |.----|..........---|....-----.........-
    --.|...).......|       --....--.........-----.....--..@...-
     ----..........|       |................||.......-|..--- .|
        |.........--   -----.|.............--|.......-|..|    |
        |-..[.....|    |.....|-............| |.....`..|.--
        |........-- ----.-------.........|.- ---......|.|
        --...---.|  |....|     ----.....-|.`|  |.....^|.|
   ---- --...| -----|.#---        |..).<|--.|---.---....|
   |..| |....--- |..|.|          --.....| |.|..^...|....|
 ---..---......---....|         --.....-- |.....--.|-.---
 |...............*..---         |.`.*---  ---..--  --.|
 |...|.............--           `--.--      |>--    ..|
 --.---.------.|.---              ---       ---     ..|
  --- ---    -----                                 ----
BeardyHaddock the Field Worker  St:11 Dx:9 Co:13 In:18 Wi:15 Ch:10  Neutral
Dlvl:3  $:176 HP:0(20) Pw:17(17) AC:9  Xp:3 T:2510  Burdened

Latest messages:
 You hit the rock with all your might.
 You make an opening in the wall.
 You miss the cave spider.
 The cave spider bites!
 You hit the cave spider.
 The cave spider bites!
 You miss the cave spider.
 The cave spider bites!
 You miss the cave spider.
 The cave spider bites!
 You kill the cave spider!
 You miss the cave spider.
 The cave spider bites!
 You miss the cave spider.
 The cave spider bites!
 You miss the cave spider.
 The cave spider bites!
 You miss the cave spider.
 The cave spider bites!
 You hit the cave spider.
 The cave spider bites!
 You miss the cave spider.
 The cave spider bites!
 You hit the cave spider.
 The cave spider bites!
 You kill the cave spider!
 You see here a cave spider corpse.
 You climb up the stairs.
 You see here 2 bananas.
 Click!  You trigger a rolling boulder trap!
 You are hit by a boulder!
 M - 2 bananas.
 You see here an orange gem.
 N - an orange gem.
 What do you want to use or apply? [ae-hprB or ?*] g
 What do you want to rub on the stone? [$N or ?*] N
 N - a worthless piece of orange glass.
 What do you want to drop? [$a-hmnpr-uBEFH-KMN or ?*] N
 You drop a worthless piece of orange glass.
 You feel agile!
 You must have been working on your reflexes.
 The housecat picks up a worthless piece of orange glass.
 A bear trap closes on your foot!
 Your movements are slowed slightly because of your load.
 You die...
 Do you want your possessions identified? [ynq] (y) n
 Do you want to see your attributes? [ynq] (y) n
 Do you want an account of creatures vanquished? [ynaq] (y) n
 Do you want to see your conduct and achievements? [ynq] (y) n
 Do you want to see the dungeon overview? [ynq] (y) n

Inventory:
 Coins    ('$')
  $ - 176 gold pieces
 Weapons  (')')
  E - a +0 dagger
  a - a +2 bullwhip (alternate weapon; not wielded)
 Armor    ('[')
  H - an uncursed +0 dwarvish iron helm
  c - an uncursed +0 fedora (being worn)
  I - an uncursed +0 pair of iron shoes
  J - a cursed -1 dwarvish cloak
  b - an uncursed +0 leather jacket (being worn)
 Comestibles  ('%')
  M - 2 cursed bananas
  d - 6 uncursed food rations
  F - an uncursed tin of boiled yellow mold
 Scrolls  ('?')
  K - an uncursed scroll of create monster
  s - 2 uncursed scrolls of enchant armor
  m - an uncursed scroll of food detection
  t - an uncursed scroll of teleportation
 Potions  ('!')
  u - an uncursed potion of healing
  n - an uncursed potion of sickness
 Wands    ('/')
  r - a wand of light (0:10)
  p - a wand of speed monster (0:1)
 Tools    ('(')
  h - an empty uncursed sack
  e - a +0 pick-axe (weapon in right hand)
  B - an uncursed skeleton key
  f - a tinning kit (0:48)
 Gems/Stones  ('*')
  g - an uncursed touchstone

BeardyHaddock the Archeologist's attributes:

Background:
 You were a Field Worker, a level 3 male gnomish Archeologist.
 You were neutral, on a mission for Camaxtli
 who was opposed by Quetzalcoatl (lawful) and Huhetotl (chaotic).
 You were right-handed.
 You were in the Gnomish Mines, on level 3.
 You entered the dungeon 2510 turns ago.
 You had 57 experience points, 23 more were needed to attain level 4.

Basics:
 You had 0 out of 20 hit points.
 You had all 17 energy points (spell power).
 Your armor class was 9.
 Your wallet contained 176 zorkmids.
 Autopickup was off.

Final Characteristics:
 Your strength was 11 (limit:18/50).
 Your dexterity was 9 (base:10, limit:18).
 Your constitution was 13 (limit:18).
 Your intelligence was 18 (limit:19).
 Your wisdom was 15 (limit:18).
 Your charisma was 10 (limit:18).

Final Status:
 You were trapped in a bear trap.
 You had a wounded right leg.
 You weren't hungry.
 You were burdened; movement was slightly slowed.
 You were wielding a pick-axe.
 You had basic skill with pick-axe.

Final Attributes:
 You were devoutly aligned.
 You had automatic searching.
 You had infravision.
 You were lucky.
 You are dead.

Miscellaneous:
 You didn't encounter any bones levels.
 Total elapsed playing time was 21 minutes and 29 seconds.

Major events:
 Turn
    1: BeardyHaddock the neutral male gnomish Archeologist entered the dungeon
 1811: entered the Gnomish Mines
 2141: attained the rank of Field Worker (level 3)
 2510: killed by a bear trap

Spells:
 Name                 Level Category     Fail Retention
 light                  1   divination     0%  76%-100%
 create familiar        6   clerical     100%  76%-100%

Skills:
 Fighting Skills
   bare handed combat [Unskilled]
   two weapon combat  [Unskilled]
   riding             [Unskilled]
 Weapon Skills
   dagger             [Unskilled]
   knife              [Unskilled]
   pick-axe           [Basic]
   short sword        [Unskilled]
   saber              [Unskilled]
   club               [Unskilled]
   quarterstaff       [Unskilled]
   sling              [Unskilled]
   dart               [Unskilled]
   boomerang          [Unskilled]
   whip               [Basic]
   unicorn horn       [Unskilled]
 Spellcasting Skills
   attack spells      [Unskilled]
   healing spells     [Unskilled]
   divination spells  [Unskilled]
   matter spells      [Unskilled]

Voluntary challenges:
 Character rerolling was not enabled.
 You never genocided any monsters.
 You never polymorphed an object.
 You never changed form.
 You used no wishes.
Achievements:
 You entered a shop.
 You entered the Gnomish Mines.
 You attained the rank of Field Worker.

 The Dungeons of Doom: levels 1 to 3
    Level 1:
       A fountain.
    Level 2:
       A general store, many altars.
       Stairs down to The Gnomish Mines.
    Level 3:
 The Gnomish Mines: levels 3 to 4
    Level 3: <- You were here.
       Final resting place for
          you, killed by a bear trap.
    Level 4:


Vanquished creatures:
  2 dwarves
 an iguana
  3 acid blobs
  4 hobbits
  2 large kobolds
  a giant rat
  2 cave spiders
  3 gnomes
  a gnome zombie
  a gecko
  5 jackals
  2 foxes
  2 kobolds
  4 sewer rats
 13 grid bugs
  3 lichens
  2 kobold zombies
 10 newts
61 creatures vanquished.

No species were genocided or became extinct.

Game over:
                       ----------
                      /          \
                     /    REST    \
                    /      IN      \
                   /     PEACE      \
                  /                  \
                  |  BeardyHaddock   |
                  |      176 Au      |
                  | killed by a bear |
                  |       trap       |
                  |                  |
                  |                  |
                  |       2026       |
                 *|     *  *  *      | *
        _________)/\\_//(\/(/\)/\//\/|_)_______

Goodbye BeardyHaddock the Archeologist...

You died in The Gnomish Mines on dungeon level 3 with 547 points,
and 176 pieces of gold, after 2510 moves.
You were level 3 with a maximum of 20 hit points when you died.

